 Dungeon Crawl Stone Soup version 0.30-a0-304-gdc4b735fe1 (webtiles) character file.

Game seed: 16385223802570697259

2307 hikkokomori the Zephyrmancer (level 9, -11/46 HPs)
             Began as a Tengu Air Elementalist on Oct 20, 2022.
             Was a Priest of Hepliaklqana.
             Killed from afar by a deep elf zephyrmancer (15 damage)
             ... with a bolt of lightning
             ... on level 6 of the Dungeon on Oct 21, 2022.
             The game lasted 00:25:06 (5435 turns).

hikkokomori the Zephyrmancer (TeAE)                 Turns: 5435, Time: 00:25:09

Health: -11/46     AC:  6    Str: 14    XL:     9   Next: 41%
Magic:  10/13      EV: 14    Int: 19    God:    Hepliaklqana [***...]
Gold:   408        SH:  5    Dex: 16    Spells: 2/12 levels left

rFire   . . .      SeeInvis .    d - +1 long sword (holy)
rCold   . . .      Faith    .    (no shield)
rNeg    . . .      Spirit   .    o - +3 leather armour of Feasting {rCorr Stlth+}
rPois   .          Reflect  +    (helmet restricted)
rElec   .          Harm     .    (no cloak)
rCorr   +          Rampage  .    (no gloves)
Will    .....                    (boots unavailable)
Stlth   +++.......               c - amulet of reflection
HPRegen 0.27/turn                m - +6 ring of strength
MPRegen 0.13/turn                (no ring)

@: confusing by touch, flying quickly and evasively, quick
A: reduced essence, beak, talons 3, nimble flight
a: Renounce Religion, Recall Ancestor, Ancestor Identity, Transference


You were on level 6 of the Dungeon.
You worshipped Hepliaklqana.
Hepliaklqana was most pleased with you.
You visited 1 branch of the dungeon, and saw 6 of its levels.

You collected 408 gold pieces.

Inventory:

Hand Weapons
 d - a +1 long sword of holy wrath (weapon)
 u - a +2 short sword of protection
Missiles
 v - a throwing net
Armour
 a - a +0 robe
 n - an orb of guile
 o - the +3 leather armour of Feasting (worn) {rCorr Stlth+}
   (You found it on level 3 of the Dungeon)

   rCorr:     It protects you from acid and corrosion.
   Stlth:     It makes you more stealthy.
Jewellery
 c - an amulet of reflection (around neck)
 k - a ring of see invisible
 m - a +6 ring of strength (left hand)
 p - a ring of resist corrosion
 C - a ring of fire
Scrolls
 g - a scroll of poison {unknown}
 h - a scroll of enchant weapon {unknown}
 i - a scroll of fear
 q - 5 scrolls of immolation {unknown}
 w - a scroll of identify
 x - 2 scrolls of blinking {unknown}
 y - a scroll of teleportation
 z - 2 scrolls of enchant armour {unknown}
 A - a scroll of acquirement {unknown}
 B - a scroll of fog
Potions
 b - 5 potions of magic
 e - 3 potions of attraction
 f - a potion of lignification
 j - a potion of cancellation {unknown}
 l - 2 potions of degeneration
 r - a potion of berserk rage {unknown}
 s - 2 potions of curing
 t - 2 potions of brilliance {unknown}
 D - 2 potions of flight {unknown}


   Skills:
 + Level 4.1 Fighting
 + Level 6.4 Long Blades
 - Level 2.1 Dodging
 - Level 2.0 Stealth
 - Level 2.0 Spellcasting
 - Level 6.6 Conjurations
 + Level 3.0 Hexes
 + Level 9.5 Air Magic
 - Level 2.0 Invocations


You had 2 spell levels left.
You knew the following spells:

 Your Spells              Type           Power      Damage    Failure   Level
a - Shock                 Conj/Air       100%       1d9       1%          1
b - Confusing Touch       Hex            13%        N/A       19%         3
c - Airstrike             Air            19%        2d(3-19)  4%          4
d - Static Discharge      Conj/Air       64%        2-5/arc   1%          2

Your spell library contained the following spells:

 Spells                   Type           Power      Damage    Failure   Level
 Poisonous Vapours        Pois/Air       40%        N/A       4%          2
 Kiss of Death            Conj/Necr      56%        2d9       5%          1
 Slow                     Hex            52%        N/A       6%          1
 Sting                    Tmut/Pois      4%         1d3       22%         1
 Swiftness                Air            38%        N/A       1%          3
 Tukima's Dance           Hex            13%        N/A       19%         3
 Vampiric Draining        Necr           1%         2d6       54%         3
 Dispel Undead            Necr           1%         3d6       91%         4
 Olgreb's Toxic Radiance  Pois           1%         N/A       91%         4
 Passage of Golubria      Tloc           1%         N/A       91%         4
 Yara's Violent Unravell  Hex/Tmut       3%         3d4       97%         5


Dungeon Overview and Level Annotations

Branches:
Dungeon (6/15)             Temple (0/1) D:6

Altars:
Dithmenos
Gozag
Hepliaklqana
Sif Muna
Yredelemnul
The Shining One

Annotations:
D:5 1 runed translucent door, koil's ghost, novice SpEn


Innate Abilities, Weirdness & Mutations

Your life essence is reduced to manifest your ancestor. (-10% HP)
You have a beak for a mouth.
You have claws for feet.
Your magical nature lets you fly swiftly and evasively.


Message History

A deep elf zephyrmancer is nearby!
A deep elf zephyrmancer is nearby!
You see here a necrophage corpse.
A deep elf zephyrmancer is nearby!
A deep elf zephyrmancer is nearby!
What are your orders? t - Shout!
Orders for allies: a - Attack new target. r - Retreat! s - Stop attacking. g - Guard the area. f - Follow me.
Anything else - Cancel.
Gang up on whom?
Press: ? - help, Dir - move target, f - deep elf zephyrmancer
Aim: a deep elf zephyrmancer, wielding a +0 rapier and wearing a ring of positive energy (ally target) Attack!
Casting: Shock (safe; 1% risk of failure)
Confirm with . or Enter, or press ? or * to list all spells.
Your hands begin to glow red.
You swap places.
The deep elf zephyrmancer gestures at you while chanting.
The bolt of lightning hits you!!!
Ouch! That really hurt!
* * * LOW HITPOINT WARNING * * *
The bolt of lightning hits Ankhesenamen!!
Ankhesenamen is destroyed!
You hit the deep elf zephyrmancer but do no damage.
Your punch misses the deep elf zephyrmancer.
The deep elf zephyrmancer hits you but does no damage.
Unknown command.
You hit the deep elf zephyrmancer but do no damage.
The deep elf zephyrmancer closely misses you.
Unknown command.
You closely miss the deep elf zephyrmancer.
You claw the deep elf zephyrmancer.
The deep elf zephyrmancer is lightly wounded.
The deep elf zephyrmancer hits you with a +0 rapier.
* * * LOW HITPOINT WARNING * * *
The deep elf zephyrmancer gestures at you while chanting.
The bolt of lightning hits you!
You die...

..########.....#.....#
#.##.....##...##.....#
#.##....>.#####......#####
#.##..........#####......#
#.##..........####...###..#
#.##......................#
#.##..†......###########..
..##...................#
####..........†.@e.....#
#.........8######'''#
#............ #
#######....... #.#......
#.#.8#### #.#... #..


You could see a deep elf zephyrmancer.

Vanquished Creatures
  Sigmund (D:3)
  Eustachio (D:6)
  Menkaure (D:4)
  A water moccasin (D:6)
  An ice beast (D:3)
  An ogre (D:6)
  A kobold brigand (D:6)
  A necrophage (D:6)
  2 scorpions
  5 wights (D:6)
  A gnoll bouda (D:5)
  2 orc priests
  3 hounds
  2 iguanas (D:5)
  An orc wizard (D:4)
  2 gnolls (D:5)
  11 adders
  2 shadow imps (D:5)
  8 orcs
  5 ball pythons
  2 bats (D:2)
  7 endoplasms
  3 giant cockroaches
  5 goblins
  9 hobgoblins
  4 jackals
  17 kobolds
  6 quokkas
  3 rats
108 creatures vanquished.

Vanquished Creatures (collateral kills)
  An ice beast (D:6)
  A sky beast (D:6)
  A centaur (D:5)
  2 necrophages
  A bullfrog (D:6)
  3 hounds (D:5)
  An iguana (D:5)
  An orc wizard (D:4)
  3 gnolls (D:5)
  A worm (D:2)
  4 orcs (D:4)
  2 goblins
  A hobgoblin (D:3)
  A ball python (D:3)
  2 kobolds
  A rat (D:2)
26 creatures vanquished.

Vanquished Creatures (others)
  A hexer (D:6)
  An ancestor (D:3)
  A plant (D:6)
3 creatures vanquished.

Grand Total: 137 creatures vanquished

Notes
Turn   | Place    | Note
-------+----------+-------------------------------------------
     0 | D:1      | hikkokomori the Tengu Air Elementalist began the quest for
                  | the Orb.
     0 | D:1      | Reached XP level 1. HP: 10/10 MP: 4/4
   233 | D:1      | Reached XP level 2. HP: 15/15 MP: 6/6
   477 | D:1      | Found a faded altar of an unknown god.
   491 | D:1      | Prayed at the altar of an unknown god.
   491 | D:1      | Became a worshipper of Hepliaklqana the Forgotten
   491 | D:1      | Reached * piety under Hepliaklqana
   777 | D:2      | Reached XP level 3. HP: 17/17 MP: 7/7
   924 | D:2      | Reached skill level 5 in Air Magic
  1176 | D:2      | Reached XP level 4. HP: 21/21 MP: 8/8
  1577 | D:3      | Upgraded the game from 0.30-a0-297-g0ec75d9ef4 to
                  | 0.30-a0-304-gdc4b735fe1
  1651 | D:3      | Identified the +3 leather armour of Feasting {rCorr Stlth+}
  1685 | D:3      | Reached ** piety under Hepliaklqana
  1753 | D:3      | Remembered your ancestor Ankhesenamen as a hexer
  1792 | D:3      | Noticed an ice beast
  1800 | D:3      | Killed an ice beast
  1801 | D:3      | Reached skill level 1 in Long Blades
  1801 | D:3      | Reached skill level 6 in Air Magic
  1801 | D:3      | Gained mutation: Your magical nature lets you fly swiftly
                  | and evasively. [Tengu growth]
  1801 | D:3      | Reached XP level 5. HP: 25/25 MP: 5/9
  1874 | D:3      | Noticed Sigmund
  1882 | D:3      | Killed Sigmund
  1883 | D:3      | Reached skill level 5 in Conjurations
  1883 | D:3      | Reached XP level 6. HP: 25/28 MP: 8/10
  2720 | D:4      | Reached skill level 7 in Air Magic
  2720 | D:4      | Reached XP level 7. HP: 13/32 MP: 7/11
  2999 | D:4      | Noticed Menkaure
  3028 | D:4      | Reached skill level 1 in Invocations
  3118 | D:4      | Killed Menkaure
  3613 | D:5      | Entered Level 5 of the Dungeon
  3616 | D:5      | Found an opulent altar of Gozag.
  3633 | D:5      | Learned a level 3 spell: Confusing Touch
  3638 | D:5      | Learned a level 4 spell: Airstrike
  3641 | D:5      | Learned a level 2 spell: Static Discharge
  3668 | D:5      | Found a shadowy altar of Dithmenos.
  3675 | D:5      | Found a shimmering blue altar of Sif Muna.
  3815 | D:5      | Reached XP level 8. HP: 34/36 MP: 12/12
  3951 | D:5      | Reached skill level 1 in Fighting
  3971 | D:5      | Reached skill level 8 in Air Magic
  4075 | D:5      | Reached *** piety under Hepliaklqana
  4080 | D:5      | Reached skill level 1 in Hexes
  4228 | D:5      | Found a basalt altar of Yredelemnul.
  4292 | D:5      | Found a glowing golden altar of the Shining One.
  4369 | D:5      | Noticed koil's ghost (novice SpEn)
  4376 | D:5      | Found a runed translucent door.
  4597 | D:6      | Reached skill level 5 in Long Blades
  4795 | D:6      | Reached skill level 9 in Air Magic
  4795 | D:6      | Reached XP level 9. HP: 43/45 MP: 13/13
  5085 | D:6      | Found a staircase to the Ecumenical Temple.
  5090 | D:6      | Noticed Eustachio
  5101 | D:6      | Killed Eustachio
  5412 | D:6      | Noticed a deep elf zephyrmancer
  5435 | D:6      | Killed from afar by a deep elf zephyrmancer

Illustrated notes

Levels and vault maps discovered:
D:1:      onia_arrival_pyramid, layout_basic,
          chequers_ecumenical_altar_simple_redux
D:2:      layout_basic, minmay_domino_4
D:3:      layout_loops_ring, serial_rivers, chequers_serial_rivers_small_a,
          chequers_serial_rivers_micro_e, chequers_serial_rivers_marsh,
          chequers_serial_rivers_micro_c, uniq_sigmund
D:4:      layout_basic, minmay_box_of_dots, uniq_menkaure
D:5:      layout_basic, lemuel_tele_altar, mainiacjoe_overflow_six_doors_small,
          grunt_temple_overflow_open, hellmonk_ghost_happy_afterlife
D:6:      layout_basic, minmay_temple_entry_proselytizer, minivault_26,
          eino_small_chamber_without_monster, guppyfry_early_elven_hall,
          uniq_eustachio

Skill      XL: |  1  2  3  4  5  6  7  8  9 |
---------------+----------------------------+-----
Conjurations   | 2 3 4 5 6 |  6.6
Air Magic      | 5 6 7 9 |  9.5
Long Blades    | 1 2 3 4 5 6 |  6.4
Invocations    | 2 |  2.0
Fighting       | 3 4 |  4.1
Hexes          | 2 3 |  3.0
Dodging        | |  2.1
Stealth        | |  2.0
Spellcasting   | |  2.0

Action                   |  1- 3 |  4- 6 |  7- 9 || total
-------------------------+-------+-------+-------++-------
Melee: Long sword        |    45 |    71 |   123 ||   239
       Kick              |     7 |    13 |    36 ||    56
       Peck              |     4 |    13 |    23 ||    40
       Punch             |       |     1 |       ||     1
 Cast: Shock             |     9 |     9 |    39 ||    57
       Airstrike         |       |       |     6 ||     6
       Confusing Touch   |       |       |     1 ||     1
Invok: Ancestor Identity |     1 |       |       ||     1
       Ancestor Life: He |       |     1 |       ||     1
       Recall Ancestor   |       |     1 |     2 ||     3
  Use: Scroll            |     3 |     1 |     3 ||     7
       Potion            |       |       |     1 ||     1
 Stab: Sleeping          |     5 |     2 |     5 ||    12
       Distracted        |       |     1 |     2 ||     3
       Confused          |       |       |     2 ||     2
Armor: Robe              |     7 |     6 |     4 ||    17
       Leather armour    |       |       |    20 ||    20
Dodge: Dodged            |    19 |    40 |    81 ||   140
Block: Other             |     2 |    15 |    24 ||    41
       Reflection        |       |       |     3 ||     3

Table legend: (Time is in decaauts)
 A = Elapsed time spent in this place.
 B = Non-inter-level travel time spent in this place.
 C = Inter-level travel time spent in this place.
 D = Time resting spent in this place.
 E = Time spent auto-exploring this place.
 F = Levels seen in this place.
 G = Mean time per level.
                   A        B        C        D        E       F      G
               +--------+--------+--------+--------+--------+-----+--------+
         Total |   5253 |   5065 |    188 |    129 |   3909 |   6 |  875.5 |
       Dungeon |   5253 |   5065 |    188 |    129 |   3909 |   6 |  875.5 |
               +--------+--------+--------+--------+--------+-----+--------+

Top non-repeatable levels by time:
     D:4: 1130 daAuts
     D:2: 894 daAuts
     D:5: 894 daAuts
     D:6: 823 daAuts
     D:3: 771 daAuts
     D:1: 739 daAuts
